 Dungeon Crawl Stone Soup version 0.32-a0-290-g598725c5f2 (webtiles) character file.

Game seed: 6641564683986086287

26316 Hailstones the Severer (level 12, -9/89 HPs)
             Began as a Mountain Dwarf Fighter on Feb 13, 2024.
             Was an Elder of Sif Muna.
             Mangled by a minotaur
             ... wielding the +6 great mace of the Abyss {spect, rF+ rCorr}
              (39 damage)
             ... in a Gauntlet.
             The game lasted 00:33:04 (12537 turns).

Hailstones the Severer (Mountain Dwarf Fighter)    Turns: 12537, Time: 00:33:05

Health: -9/89      AC: 16    Str: 24    XL:     12   Next: 97%
Magic:  20/25      EV:  8    Int:  9    God:    Sif Muna [****..]
Gold:   877        SH:  0    Dex:  9    Spells: 24/30 levels left

rFire   . . .        j - +2 broad axe (vamp)
rCold   . . .        (no shield)
rNeg    . . .        x - +0 chain mail
rPois   +            (no helmet)
rElec   .            g - +0 cloak
rCorr   .            (no gloves)
SInv    .            f - +1 pair of boots
Will    +....        h - amulet of regeneration Stlth
                     c - ring of poison resistance
HPRegen 1.14/turn    o - +4 ring of protection
MPRegen 0.19/turn

%: no teleportation
@: hasted, very quick
A: runic magic, artefact enchanting
a: Renounce Religion, Channel Magic, Forget Spell, Divine Exegesis


You were in a Gauntlet.
You worshipped Sif Muna.
Sif Muna was greatly pleased with you.
You visited 2 branches of the dungeon, and saw 14 of its levels.
You also visited: Ossuary and Gauntlet.

You collected 1237 gold pieces.
You spent 360 gold pieces at shops.

Inventory:

Hand Weapons
 j - a +2 vampiric broad axe (weapon)
 A - a +2 halberd of flaming
Armour
 f - a +1 pair of boots (worn)
 g - a +0 cloak (worn)
 k - +0 steam dragon scales
 x - a +0 chain mail (worn)
Jewellery
 c - a ring of poison resistance (left hand)
 e - a +6 ring of intelligence
 h - an amulet of regeneration (around neck)
 o - a +4 ring of protection (right hand)
 p - an amulet of magic regeneration
 v - a ring of protection from fire
 y - a ring of wizardry
 B - the ring of the Twelve Friars {*Corrode Str+8 Int+6}
   (You found it in a Gauntlet)

   [ring of intelligence]

   Str+8:     It affects your strength (+8).
   Int+6:     It affects your intelligence (+6).
   *Corrode:  It may corrode you when you take damage.
 C - a ring of flight
 D - an amulet of reflection
Wands
 m - a wand of paralysis (23)
 r - a wand of mindburst (27)
 u - a wand of light (3)
Scrolls
 a - 2 scrolls of revelation
 i - 2 scrolls of fog
 q - a scroll of blinking
 s - 5 scrolls of teleportation
Potions
 b - a potion of resistance
 d - a potion of might
 l - a potion of haste
 n - a potion of heal wounds
 t - a potion of enlightenment
 w - 2 potions of cancellation
 z - 2 potions of magic


   Skills:
 - Level 3.5 Fighting
 - Level 18.0 Axes
 - Level 3.4 Armour
 - Level 3.4 Shields
 + Level 9.9 Spellcasting
 - Level 14.0 Invocations


You had 24 spell levels left.
You knew the following spells:

 Your Spells              Type           Power      Damage    Failure   Level
a - Blink                 Tloc           8%         N/A       34%         2
b - Magic Dart            Conj           16%        1d3       22%         1
c - Lesser Beckoning      Tloc           8%         N/A       34%         2
d - Foxfire               Conj/Fire      16%        2x1d4     22%         1

Your spell library contained the following spells:

 Spells                   Type           Power      Damage    Failure   Level
 Call Imp                 Summ           8%         N/A       34%         2
 Jinxbite                 Hex            8%         N/A       34%         2
 Momentum Strike          Conj/Tloc      8%         3d8       34%         2
 Dazzling Flash           Conj/Hex       8%         N/A       56%         3
 Hailstorm                Conj/Ice       4%         3d5       56%         3
 Summon Ice Beast         Ice/Summ       4%         N/A       56%         3
 Tukima's Dance           Hex            4%         N/A       56%         3
 Animate Armour           Summ/Erth      8%         N/A       92%         4
 Cause Fear               Hex            2%         N/A       92%         4
 Summon Lightning Spire   Summ/Air       4%         N/A       92%         4
 Lee's Rapid Deconstruct  Erth           2%         3d4*      99%         5
 Silence                  Hex/Air        2%         N/A       99%         5
 Plasma Beam              Fire/Air       2%         2x1d12    100%        6
 Sculpt Simulacrum        Ice/Alch       2%         N/A       100%        6
 Starburst                Conj/Fire      2%         6d3       100%        6


Dungeon Overview and Level Annotations

Branches:
Dungeon (11/15)            Temple (0/1) D:4            Lair (3/5) D:10
  Swamp (0/4) Lair:2        Snake (0/4) Lair:2          Orc (0/2) D:11
Ossuary (visited)         Gauntlet (1/1)

Altars:
Cheibriados
Gozag
Qazlal
Sif Muna
Uskayaw
Vehumet
Wu Jian
Xom

Shops:
D:3 =   D:4 [   D:9 ?

Annotations:
Gauntlet 6 transporters


Innate Abilities, Weirdness & Mutations

Your spellcasting is much less encumbered by armour.
You can use scrolls of enchantment on lesser artefacts.


Message History

Press: ? - help, Dir - look around, f - activate The bolt of lightning hits the minotaur.
The minotaur is lightly wounded.
The fiery plasma hits the minotaur.
The minotaur resists.
The minotaur is lightly wounded.
Sif Muna will no longer gift you books.
The minotaur throws a silver javelin.
The silver javelin pierces through you!!
Casting: Starburst
Press: ? - help, Dir - look around, f - activate
Okay, then.
Unknown command.
You close the door.
A minotaur opens the door.
Found a gate leading back out of this place.
The minotaur hits you with the +6 great mace of the Abyss {spect, rF+ rCorr}.
The minotaur gores you but does no damage.
There is an open door, spattered with blood here.
You hit the minotaur.
The minotaur is lightly wounded.
The minotaur barely misses you. The minotaur gores you.
You hit the minotaur.
The minotaur is lightly wounded.
The minotaur hits you with the +6 great mace of the Abyss {spect, rF+ rCorr}.
The minotaur gores you but does no damage.
You hit the minotaur but do no damage.
The minotaur is lightly wounded.
You slice the minotaur!!
You feel better.
The minotaur is moderately wounded.
The minotaur completely misses you. The minotaur gores you!
You hit the minotaur but do no damage.
The minotaur is moderately wounded.
The minotaur hits you with the +6 great mace of the Abyss {spect, rF+ rCorr}!!
The minotaur gores you.
You feel much better.
The minotaur hits you with the +6 great mace of the Abyss {spect, rF+ rCorr}!!
The minotaur gores you but does no damage.
You feel yourself speed up.
The minotaur hits you with the +6 great mace of the Abyss {spect, rF+ rCorr}!!!
You die...

#ß∩ß# #[.!# #ß.ß# #/.[#
## #ß.ß#.ß### #...#....#
# #ßHß#..#.#
#.#..##@##..#.#
#.............#
#.#.##.#.##.#.# #
...#....#.#
#.#######.#.##
..............#
...............# #
##......#####
###########.©..©.#######
#


You could see a minotaur.

Vanquished Creatures
  Erolcha (D:11)
  A skyshark (Lair:2)
  An arcanist (Gauntlet)
  A lightning spire (Gauntlet)
  Pikel (D:8)
  2 cyclopes (D:11)
  5 black mambas
  3 cane toads
  2 rime drakes
  Jeremiah (D:7)
  3 komodo dragons (Lair:1)
  A rime drake (shapeshifter) (D:11)
  3 trolls
  9 blink frogs
  2 raiju (Gauntlet)
  A tyrant leech (Lair:2)
  2 hornets
  Sigmund (D:2)
  A wraith (D:11)
  2 basilisks
  51 yaks
  Grum (D:8)
  4 vampire mosquitoes (D:11)
  3 steam dragons
  A swamp worm (Lair:2)
  10 water moccasins
  4 black bears
  5 ice beasts (D:10)
  2 orc warriors
  3 sky beasts (D:7)
  An ogre (D:5)
  5 wolves
  3 phantoms
  6 centaurs
  2 lemures (D:8)
  3 kobold brigands
  A weeping skull (Ossuary)
  11 bullfrogs
  2 elf zombies (Ossuary)
  2 scorpions
  A burial acolyte (Ossuary)
  5 electric eels
  3 howler monkeys (D:8)
  A centaur zombie (Ossuary)
  8 orc priests
  2 bombardier beetles
  A hound (D:6)
  A jelly (D:5)
  A sleepcap (D:6)
  Jessica (D:2)
  4 iguanas
  12 orc wizards
  Natasha (thrice) (D:2)
  A statue (D:5)
  2 mummies (Ossuary)
  6 gnolls
  13 adders
  3 shadow imps
  5 white imps
  An adder zombie (Ossuary)
  2 ribbon worms
  2 dart slugs (D:3)
  48 orcs
  10 endoplasms
  7 giant cockroaches
  A gnoll zombie (Ossuary)
  11 goblins
  6 hobgoblins
  5 jackals
  5 quokkas
  8 ball pythons
  4 bats
  7 frilled lizards
  19 kobolds
  8 rats
380 creatures vanquished.

Vanquished Creatures (collateral kills)
  2 orcs (D:11)
2 creatures vanquished.

Vanquished Creatures (others)
  A gnoll (D:7)
  2 orcs (D:7)
  A jackal (Ossuary)
4 creatures vanquished.

Grand Total: 386 creatures vanquished

Notes
Turn   | Place    | Note
-------+----------+-------------------------------------------
     0 | D:1      | Hailstones the Mountain Dwarf Fighter began the quest for
                  | the Orb.
     0 | D:1      | Reached XP level 1. HP: 19/19 MP: 1/1
    15 | D:1      | Reached XP level 2. HP: 14/26 MP: 2/2
   110 | D:1      | Reached skill level 3 in Axes
   148 | D:1      | Reached XP level 3. HP: 31/31 MP: 3/3
   233 | D:1      | Reached skill level 4 in Axes
   249 | D:1      | Found a faded altar of an unknown god.
   286 | D:1      | Prayed at the altar of an unknown god.
   286 | D:1      | Became a worshipper of Sif Muna the Loreminder
   286 | D:1      | Reached * piety under Sif Muna
   347 | D:1      | Learned a level 2 spell: Blink
   697 | D:1      | Reached skill level 1 in Invocations
   842 | D:2      | Noticed Natasha
   851 | D:2      | Killed Natasha
   852 | D:2      | Reached XP level 4. HP: 20/38 MP: 3/5
   854 | D:2      | Learned a level 1 spell: Magic Dart
   925 | D:2      | Noticed Sigmund
   950 | D:2      | Killed Sigmund
   951 | D:2      | Reached skill level 5 in Axes
   951 | D:2      | Reached XP level 5. HP: 14/45 MP: 5/8
  1198 | D:2      | Reached skill level 5 in Invocations
  1198 | D:2      | Reached XP level 6. HP: 50/51 MP: 9/9
  1236 | D:2      | Learned a level 2 spell: Lesser Beckoning
  1340 | D:2      | Reached ** piety under Sif Muna
  1371 | D:2      | Noticed Natasha
  1376 | D:2      | Killed Natasha
  1450 | D:2      | Noticed Natasha
  1456 | D:2      | Killed Natasha
  1532 | D:2      | Found a hide-covered altar of Uskayaw.
  1548 | D:2      | Noticed Jessica
  1557 | D:2      | Killed Jessica
  1558 | D:2      | Reached skill level 1 in Spellcasting
  1937 | D:3      | Reached skill level 6 in Axes
  2382 | D:3      | Identified the +1 rapier of Mourning {freeze, rElec rN+
                  | Int+3}
  2389 | D:3      | Found Sivvishru's Jewellery Shop.
  2706 | D:3      | Reached XP level 7. HP: 57/57 MP: 11/11
  2811 | D:3      | Identified a scroll of acquirement
  2812 | D:3      | Acquired a +1 vampiric broad axe
  3010 | D:4      | Found a sand-covered staircase.
  3021 | Ossuary  | Entered an ossuary
  3021 | Ossuary  | Found a huge runed translucent gate.
  3021 | Ossuary  | Found a huge runed translucent gate.
  3021 | Ossuary  | Found a huge runed translucent gate.
  3021 | Ossuary  | Found a huge runed translucent gate.
  3021 | Ossuary  | Found a huge runed translucent gate.
  3021 | Ossuary  | Found a huge runed translucent gate.
  3021 | Ossuary  | Found a huge runed translucent gate.
  3021 | Ossuary  | Found a huge runed translucent gate.
  3021 | Ossuary  | Found a huge runed translucent gate.
  3022 | Ossuary  | Found a huge runed translucent gate.
  3022 | Ossuary  | Found a huge runed translucent gate.
  3023 | Ossuary  | Found a huge runed translucent gate.
  3023 | Ossuary  | Found a huge runed translucent gate.
  3025 | Ossuary  | Found a huge runed translucent gate.
  3025 | Ossuary  | Found a huge runed translucent gate.
  3027 | Ossuary  | Found a huge runed translucent gate.
  3027 | Ossuary  | Found a huge runed translucent gate.
  3027 | Ossuary  | Found a huge runed translucent gate.
  3027 | Ossuary  | Found a huge runed translucent gate.
  3027 | Ossuary  | Found a huge runed translucent gate.
  3036 | Ossuary  | Reached skill level 7 in Axes
  3037 | Ossuary  | Found a huge runed translucent gate.
  3037 | Ossuary  | Found a huge runed translucent gate.
  3039 | Ossuary  | Found a huge runed translucent gate.
  3039 | Ossuary  | Found a huge runed translucent gate.
  3040 | Ossuary  | Found a huge runed translucent gate.
  3040 | Ossuary  | Found a huge runed translucent gate.
  3041 | Ossuary  | Found a huge runed translucent gate.
  3041 | Ossuary  | Found a huge runed translucent gate.
  3055 | Ossuary  | Found a huge runed translucent gate.
  3065 | Ossuary  | Found a huge runed translucent gate.
  3080 | Ossuary  | Found a huge runed translucent gate.
  3080 | Ossuary  | Found a huge runed translucent gate.
  3080 | Ossuary  | Found a huge runed translucent gate.
  3080 | Ossuary  | Found a huge runed translucent gate.
  3082 | Ossuary  | Found a huge runed translucent gate.
  3099 | Ossuary  | Reached skill level 8 in Axes
  3311 | D:3      | Bought a +6 ring of intelligence for 360 gold pieces
  3341 | D:4      | Found a staircase to the Ecumenical Temple.
  3500 | D:4      | Found a snail-covered altar of Cheibriados.
  3514 | D:4      | Reached *** piety under Sif Muna
  3587 | D:4      | Reached skill level 9 in Axes
  3588 | D:4      | Found a stormy altar of Qazlal.
  3589 | D:4      | Found Jishroofo's Armour Boutique.
  3867 | D:5      | Entered Level 5 of the Dungeon
  3893 | D:5      | Reached XP level 8. HP: 63/63 MP: 12/12
  3974 | D:5      | Reached skill level 10 in Axes
  4326 | D:5      | Found a radiant altar of Vehumet.
  4330 | D:5      | Reached skill level 11 in Axes
  4723 | D:6      | Reached skill level 12 in Axes
  4918 | D:6      | Reached **** piety under Sif Muna
  5007 | D:6      | Reached XP level 9. HP: 58/70 MP: 13/13
  5453 | D:7      | Reached skill level 13 in Axes
  5558 | D:7      | Noticed Jeremiah
  5571 | D:7      | Killed Jeremiah
  5572 | D:7      | Reached skill level 14 in Axes
  5749 | D:7      | Found a shimmering altar of Xom.
  5859 | D:7      | Reached skill level 15 in Axes
  6054 | D:7      | Found an ornate altar of the Wu Jian Council.
  6378 | D:8      | Noticed Pikel
  6389 | D:8      | Killed Pikel
  6390 | D:8      | Reached XP level 10. HP: 65/77 MP: 14/14
  6543 | D:8      | Reached skill level 16 in Axes
  6545 | D:8      | Reached ***** piety under Sif Muna
  6649 | D:8      | Noticed Grum
  6670 | D:8      | Killed Grum
  6956 | D:8      | Reached skill level 17 in Axes
  7474 | D:9      | Found a hide-covered altar of Uskayaw.
  7549 | D:9      | Received a gift from Sif Muna
  7588 | D:9      | Got Sif Muna's Catalogue of the Maleficium {god gift}
  7723 | D:9      | Paralysed by a hornet for 2 turns
  7738 | D:9      | Reached skill level 18 in Axes
  7824 | D:9      | Found Enojats's Magic Scroll Shoppe.
  7858 | D:9      | Found an opulent altar of Gozag.
  8071 | D:10     | Entered Level 10 of the Dungeon
  8132 | D:10     | Found a staircase to the Lair.
  8165 | D:10     | Reached XP level 11. HP: 82/82 MP: 16/16
  8692 | D:11     | Reached skill level 5 in Spellcasting
  8808 | D:11     | Reached skill level 10 in Invocations
  8886 | D:11     | Learned a level 1 spell: Foxfire
  9033 | D:11     | Found a staircase to the Orcish Mines.
  9407 | D:11     | Noticed Erolcha
  9416 | D:11     | Killed Erolcha
  9690 | Lair:1   | Entered Level 1 of the Lair of Beasts
 10394 | Lair:1   | Reached XP level 12. HP: 60/89 MP: 22/22
 11409 | Lair:2   | Found a staircase to the Swamp.
 11610 | Lair:2   | Found a staircase to the Snake Pit.
 12163 | Lair:3   | Found a gate leading to a gauntlet.
 12186 | Gauntlet | Entered a Gauntlet
 12186 | Gauntlet | Found a transporter.
 12186 | Gauntlet | Found a transporter.
 12186 | Gauntlet | Found a transporter.
 12187 | Gauntlet | Found a transporter.
 12187 | Gauntlet | Noticed a tengu warrior
 12188 | Gauntlet | Found a transporter.
 12191 | Gauntlet | Found a transporter.
 12200 | Gauntlet | Found a transporter.
 12200 | Gauntlet | Found a transporter.
 12202 | Gauntlet | Found a transporter.
 12202 | Gauntlet | Found a transporter.
 12205 | Gauntlet | Noticed a hell hog
 12210 | Gauntlet | Found a transporter.
 12214 | Gauntlet | Found a transporter.
 12503 | Gauntlet | Identified the ring of the Twelve Friars {*Corrode Str+8
                  | Int+6}
 12526 | Gauntlet | Identified the +6 great mace of the Abyss {spect, rF+
                  | rCorr}
 12526 | Gauntlet | Noticed a minotaur
 12537 | Gauntlet | Mangled by a minotaur

Illustrated notes

Levels and vault maps discovered:
D:1:      enne_arrival_octagon_isle, layout_basic,
          ebering_ecumenical_altar_abandoned, minmay_fountain_box
D:2:      layout_loops_ring, basic_altar, uniq_sigmund, uniq_natasha,
          uniq_jessica
D:3:      layout_basic, serial_co_window_serial, co_window_corner_a,
          co_window_corner_a, co_window_cross_1, co_window_paths_a,
          co_window_paths_a, co_window_cross_1, co_window_paths_a,
          co_window_cross_4, co_window_of_opportunity_b, co_window_broadway_b,
          co_window_corner_b, co_window_cross_4, co_window_paths_d,
          glass_columns_a, glass_columns_a, glass_columns_a, serial_shops,
          nicolae_shop_window_shopping
D:4:      layout_loops_ring, cheibrodos_worm_habitat,
          nicolae_qazlal_scattered_showers,
          minmay_temple_entry_statues_fountains,
          mainiacjoe_ossuary_entry_dusty_tomb, serial_shops, shop
D:5:      layout_basic, vehumet_statue
D:6:      layout_layer_cave, chequers_serial_rivers_large_a
D:7:      layout_basic, nemelex_dance_club_becter, xom_butterflies,
          pdpol_wu_jian_five_deadly_venoms, serial_bayou, serial_bayou_pond_a,
          serial_bayou_ford_a, serial_bayou_lagoon_a, serial_bayou_pond_d,
          st_stairs_9, serial_bayou_lake_a, uniq_jeremiah
D:8:      layout_loops_ring, columned_hall_lemuel, grunt_ministairs_13,
          uniq_pikel, uniq_grum
D:9:      layout_cave_pools, nicolae_gozag_cash_rules_everything_around_me,
          nicolae_overflow_crystal_walls, serial_shops, nicolae_shop_rolled_up,
          dreamdust_princess_corridor
D:10:     layout_gridville, hellmonk_lair_entry_icy,
          chequers_hall_statues_wall_a
D:11:     layout_basic, hiddenorc1_lemuel, serial_co_window_serial,
          co_window_paths_a, co_window_paths_b, co_window_paths_a,
          co_window_corner_a, co_window_corner_a, co_window_corner_a,
          co_window_corner_ca, co_window_cross_3, co_window_broadway_c,
          co_window_of_opportunity_c, co_window_4corner_b, glass_columns_c,
          glass_columns_b, glass_columns_b, glass_columns_c, glass_columns_a,
          kennysheep_generic_room_15, uniq_erolcha
Lair:1:   layout_gridlike, serial_bayou_shore_b
Lair:2:   layout_loops_ring, minmay_swamp_entry_worms,
          minmay_snake_entry_six_corridors, infiniplex_staircase_pool
Lair:3:   layout_misc_corridors, gauntlet_entry_generic,
          chequers_serial_rivers_micro_a
Gauntlet: minmay_gauntlet_mixed_big_or_small [nicolae_gauntlet_arena_blocks,
          minmay_gauntlet_arena_77_mirror, nicolae_gauntlet_arena_grate_2,
          minmay_gauntlet_arena_77_checkered,
          gammafunk_gauntlet_arena_split_diamond,
          minmay_gauntlet_arena_77_two_lines,
          nicolae_gauntlet_exit_dead_adventurers]

Skill      XL: |  1  2  3  4  5  6  7  8  9 10 11 12 |
---------------+-------------------------------------+-----
Axes           | 3 4 5 6 9 12 15 18 | 18.0
Invocations    | 2 4 5 7 11 14 | 14.0
Spellcasting   | 1 3 6 9 |  9.9
Fighting       | |  3.5
Armour         | |  3.4
Shields        | |  3.4

Action                     |  1- 3 |  4- 6 |  7- 9 | 10-12 || total
---------------------------+-------+-------+-------+-------++-------
  Melee: War axe           |    96 |   140 |    48 |       ||   284
         Broad axe         |       |       |   325 |   771 ||  1096
   Cast: Magic Dart        |       |     7 |       |    24 ||    31
         Plasma Beam       |       |       |       |     2 ||     2
         Animate Armour    |       |       |       |     1 ||     1
 Invoke: Divine Exegesis   |       |       |       |     3 ||     3
  Evoke: Wand              |       |       |     2 |       ||     2
    Use: Scroll            |     3 |       |    11 |    13 ||    27
         Potion            |       |     2 |     4 |    11 ||    17
 Armour: Scale mail        |    84 |    98 |   318 |       ||   500
         Steam dragon scal |       |       |    72 |   292 ||   364
         Skin              |       |       |    16 |    58 ||    74
         Chain mail        |       |       |       |   355 ||   355
  Dodge: Dodged            |    42 |    50 |   170 |   306 ||   568
  Block: Buckler           |    23 |    28 |    26 |       ||    77

Table legend: (Time is in decaauts)
 A = Elapsed time spent in this place.
 B = Non-inter-level travel time spent in this place.
 C = Inter-level travel time spent in this place.
 D = Time resting spent in this place.
 E = Time spent auto-exploring this place.
 F = Levels seen in this place.
 G = Mean time per level.
                   A        B        C        D        E       F      G
               +--------+--------+--------+--------+--------+-----+--------+
         Total |  12453 |  11437 |   1016 |    200 |   8250 |  16 |  778.3 |
       Dungeon |   9848 |   8983 |    865 |    174 |   6709 |  11 |  895.3 |
          Lair |   2078 |   1927 |    151 |      0 |   1444 |   3 |  692.7 |
       Ossuary |    187 |    187 |      0 |     20 |     69 |   1 |  187.0 |
      Gauntlet |    337 |    337 |      0 |      6 |     28 |   1 |  337.0 |
               +--------+--------+--------+--------+--------+-----+--------+

Top non-repeatable levels by time:
    D:11: 1119 daAuts
  Lair:2: 1100 daAuts
     D:3: 1085 daAuts
     D:2: 1027 daAuts
     D:8: 992 daAuts
     D:7: 960 daAuts
  Lair:1: 924 daAuts
     D:6: 893 daAuts
     D:1: 850 daAuts
     D:4: 820 daAuts
     D:5: 790 daAuts
     D:9: 732 daAuts
    D:10: 576 daAuts
Gauntlet: 337 daAuts
 Ossuary: 187 daAuts
